 Dungeon Crawl Stone Soup version 0.31.0-11-ge490571c62 (webtiles) character file.

Game seed: 3514151578125193547

3063 mandarbmax the Grappler (level 9, -1/78 HPs)
             Began as a Black Draconian Shapeshifter on Jan 31, 2024.
             Was a Believer of Qazlal.
             Slain by a hornet (13 damage)
             ... on level 8 of the Dungeon.
             The game lasted 00:12:30 (5509 turns).

mandarbmax the Grappler (DrSh)                      Turns: 5509, Time: 00:12:31

Health: -1/78      AC:  7    Str: 21    XL:     9   Next: 57%
Magic:  10/10      EV: 16    Int: 10    God:    Qazlal [**....]
Gold:   379        SH:  2    Dex: 17    Spells: 8/8 levels left

rFire   . .          .
                       - Unarmed
rCold   . . .        (no shield)
rNeg    . . .        (body armour unavailable)
rPois   .            (helmet currently unavailable)
rElec   +            (cloak currently unavailable)
rCorr   .            (gloves currently unavailable)
SInv    .            (boots currently unavailable)
Will    .....        k - amulet of regeneration
Stlth   +            n - +6 ring of dexterity
HPRegen 1.13/turn    r - +3 ring of evasion
MPRegen 0.12/turn

%: no passive effects
@: lethally poisoned (-1 -> -1), short of breath, beast-form, slowed, very slow
A: beast (slay +3), breathe lightning, AC +7, unfitting armour, electricity
resistance, cold-blooded
a: Breathe Lightning, Begin Untransformation, Renounce Religion, Upheaval


You were on level 8 of the Dungeon.
You worshipped Qazlal.
Qazlal was pleased with you.
You were a hulking beast.
You visited 2 branches of the dungeon, and saw 9 of its levels.

You collected 543 gold pieces.
You spent 164 gold pieces at shops.

Inventory:

Missiles
 l - 11 poisoned darts (quivered)
 y - 4 boomerangs
 D - a curare-tipped dart
Armour
 m - a +0 kite shield
 A - a +0 cloak
Jewellery
 k - an amulet of regeneration (around neck)
 n - a +6 ring of dexterity (left hand)
 r - a +3 ring of evasion (right hand)
Talismans
 b - a beast talisman
 c - a flux talisman
Wands
 C - a wand of flame (21)
 F - a wand of polymorph (8)
Scrolls
 e - 2 scrolls of amnesia {unknown}
 g - a scroll of immolation
 i - a scroll of poison
 o - a scroll of silence
 s - a scroll of brand weapon
 t - a scroll of summoning
 u - 5 scrolls of enchant armour {unknown}
 w - 3 scrolls of revelation {unknown}
 x - a scroll of blinking {unknown}
 z - a scroll of fear
 E - a scroll of noise
Potions
 a - a potion of magic
 d - a potion of attraction
 f - 3 potions of resistance {unknown}
 h - 5 potions of heal wounds {unknown}
 j - 7 potions of might
 p - a potion of haste {unknown}
 q - a potion of brilliance {unknown}
 v - a potion of lignification


   Skills:
 + Level 6.9 Fighting
 + Level 3.7 Dodging
 * Level 9.5 Unarmed Combat
 + Level 2.4 Invocations
 + Level 6.5 Shapeshifting


You had 8 spell levels left.
You didn't know any spells.
Your spell library contained the following spells:

 Spells                   Type           Power      Damage    Failure   Level
 Apportation              Tloc           0%         N/A       36%         1
 Magic Dart               Conj           0%         1d3       36%         1
 Blink                    Tloc           0%         N/A       50%         2
 Call Imp                 Summ           0%         N/A       50%         2
 Cigotuvi's Dreadful Rot  Necr/Alch/Air  0%         N/A       50%         2
 Jinxbite                 Hex            0%         N/A       50%         2
 Ignite Poison            Fire/Alch      0%         N/A       98%         4
 Alistair's Intoxication  Alch           0%         N/A       100%        5
 Freezing Cloud           Conj/Ice/Air   0%         6-21      100%        5
 Malign Gateway           Summ/Tloc      0%         N/A       100%        7
 Summon Horrible Things   Summ           0%         N/A       100%        8


Dungeon Overview and Level Annotations

Branches:
Dungeon (8/15)             Temple (1/1) D:5
   Lair: D:8-11

Altars:
Cheibriados
Dithmenos
Fedhas
Gozag
Kikubaaqudgha
Makhleb
Nemelex Xobeh
Okawaru
Qazlal
Ru
Sif Muna
Uskayaw
Vehumet
Wu Jian
Xom
Yredelemnul
Zin
The Shining One

Shops:
D:2 =   D:7 *

Annotations:
D:3 1 runed translucent door, Crazy Yiuf


Innate Abilities, Weirdness & Mutations

You are a hulking beast.
Your limbs bulge with bestial killing power. (Slay +3)
You can breathe wild blasts of lightning.
Your glossy black scales are hard. (AC +7)
You cannot fit into any form of body armour.
You are resistant to electric shocks. (rElec)
You are cold-blooded and may be slowed by cold attacks.


Message History

A hornet is nearby!
The hornet barely misses you.
Things that are here:
a +3 hand axe of freezing; a +0 robe You closely miss the hornet.
The hornet stings you!
You feel yourself slow down.
You punch the hornet!
The hornet is moderately wounded.
The hornet stings you!
You feel as though you will be slow longer.
The hornet stings you!
You are poisoned.
You suddenly lose the ability to move!
You feel sick. The hornet stings you.
You feel as though you will be slow longer.
The hornet stings you.
You feel as though you will be slow longer.
You feel sick. The hornet stings you.
You shrug off the repeated paralysis!
You can move again.
Unknown command.
You punch the hornet!
The hornet is severely wounded.
You feel sick.
A bullfrog comes into view.
The hornet stings you!
You feel as though you will be slow longer.
The hornet barely misses you.
The bullfrog moves out of view.
You hit the hornet.
Your tail-slap misses the hornet.
The hornet is severely wounded.
You feel sick.
The hornet stings you but does no damage.
The hornet closely misses you.
Unknown command.
You hit the hornet.
The hornet is severely wounded.
You feel sick. The hornet stings you!
* * * LOW HITPOINT WARNING * * *
You feel as though you will be slow longer.
The hornet stings you!
You die...

#.#.#.##.#######
# #<#...#
#.#.#.# #.#...#
#..#### ####
##.##
.....####†..#
#......#.###
###.h......#
#y###.##.# #.
....# .. <##.#
##. ## # #. #.
..


You could see a hornet.

Vanquished Creatures
  Sigmund (D:3)
  A water moccasin (D:7)
  4 black bears
  3 ice beasts
  A centaur (D:6)
  A sky beast (D:6)
  An ogre (D:7)
  A kobold brigand (D:7)
  A bullfrog (D:8)
  A gnoll sergeant (D:7)
  2 scorpions
  10 wights
  A howler monkey (D:5)
  2 bombardier beetles
  5 hounds
  2 jellies
  5 orc priests
  A gnoll bouda (D:6)
  Jessica (D:3)
  4 iguanas
  6 orc wizards
  A sleepcap (D:6)
  Robin (D:3)
  11 gnolls
  4 adders
  A shadow imp (D:6)
  3 dart slugs (D:2)
  2 ribbon worms
  30 orcs
  7 endoplasms
  A giant cockroach (D:3)
  19 goblins
  9 hobgoblins
  3 jackals (D:2)
  4 quokkas
  6 ball pythons
  4 bats
  6 frilled lizards
  8 kobolds
  3 rats
177 creatures vanquished.

Notes
Turn   | Place    | Note
-------+----------+-------------------------------------------
     0 | D:1      | mandarbmax the Draconian Shapeshifter began the quest for
                  | the Orb.
     0 | D:1      | Reached XP level 1. HP: 16/16 MP: 1/1
    86 | D:1      | Reached XP level 2. HP: 23/23 MP: 2/2
   673 | D:2      | Reached XP level 3. HP: 29/29 MP: 3/3
   698 | D:2      | Found Vezedghefu's One-of-a-Kind Rings.
  1005 | D:2      | Reached skill level 4 in Unarmed Combat
  1104 | D:2      | Reached XP level 4. HP: 33/36 MP: 4/4
  1260 | D:2      | Bought a +3 ring of evasion for 110 gold pieces
  1285 | D:3      | Noticed Sigmund
  1304 | D:3      | Killed Sigmund
  1305 | D:3      | Reached skill level 5 in Unarmed Combat
  1305 | D:3      | Reached XP level 5. HP: 45/45 MP: 5/5
  1592 | D:3      | Reached XP level 6. HP: 51/51 MP: 6/6
  1641 | D:3      | Found a sacrificial altar of Ru.
  1672 | D:3      | Noticed Robin
  1702 | D:3      | Killed Robin
  2073 | D:3      | Found a runed translucent door.
  2074 | D:3      | Noticed Crazy Yiuf
  2157 | D:3      | Found a snail-covered altar of Cheibriados.
  2161 | D:3      | Noticed Jessica
  2167 | D:3      | Killed Jessica
  2464 | D:4      | Reached skill level 6 in Unarmed Combat
  2464 | D:4      | Your scales start taking on a glossy black colour.
  2464 | D:4      | Reached XP level 7. HP: 58/59 MP: 7/7
  2464 | D:4      | Gained mutation: You are resistant to electric shocks.
                  | (rElec) [Black Draconian growth]
  2558 | D:4      | Found an opulent altar of Gozag.
  3250 | D:5      | Entered Level 5 of the Dungeon
  3308 | D:5      | Found a staircase to the Ecumenical Temple.
  3322 | D:5      | Reached skill level 5 in Shapeshifting
  3328 | D:5      | Reached skill level 7 in Unarmed Combat
  3338 | Temple   | Entered the Ecumenical Temple
  3368 | Temple   | Became a worshipper of Qazlal Stormbringer
  3466 | D:5      | Reached skill level 5 in Fighting
  3466 | D:5      | Reached XP level 8. HP: 58/68 MP: 8/8
  3681 | D:5      | Identified the beast talisman of Agasytecu {rN+ Int-2 SInv}
  4226 | D:6      | Reached skill level 8 in Unarmed Combat
  4566 | D:6      | Reached * piety under Qazlal
  4737 | D:6      | Reached XP level 9. HP: 75/75 MP: 9/9
  4957 | D:7      | Reached skill level 9 in Unarmed Combat
  4957 | D:7      | Reached skill level 1 in Invocations
  5127 | D:7      | Found Ynuckibb's Assorted Antiques.
  5135 | D:7      | Bought a scroll labelled XIEK ZETAEST for 27 gold pieces
  5135 | D:7      | Bought a scroll labelled HEUSCH OLAXTU for 27 gold pieces
  5161 | D:7      | Found a sparkling altar of Nemelex Xobeh.
  5163 | D:7      | Found an ornate altar of the Wu Jian Council.
  5165 | D:7      | Found an ancient bone altar of Kikubaaqudgha.
  5487 | D:8      | Reached ** piety under Qazlal
  5504 | D:8      | Paralysed by a hornet for 3 turns
  5509 | D:8      | Slain by a hornet

Illustrated notes

Levels and vault maps discovered:
D:1:      dpeg_arrival_orchard, layout_loops_ring, hex_tiny,
          dreamdust_wishing_well
D:2:      minmay_wonky_spiral, layout_rooms, nicolae_shop_unique_rings,
          minmay_between
D:3:      layout_loops_cross, mainiacjoe_overflow_boulevard,
          mainiacjoe_overflow_chevrons, uniq_robin, uniq_crazy_yiuf_cottage,
          uniq_sigmund, uniq_jessica
D:4:      layout_basic, amcnicky_altar_gilded
D:5:      layout_loops_corners, minmay_temple_entry_stoned_glass,
          minmay_misc_feat_encased
D:6:      layout_rooms, minmay_misc_feat_tower
D:7:      layout_basic, grunt_temple_overflow_open, serial_shops,
          nicolae_shop_gibbet_a_chance
D:8:      layout_loops_ring, nicolae_hepliaklqana_hippocampus,
          minmay_starry_boxes
Temple:   nicolae_temple_godzebo

Skill      XL: |  1  2  3  4  5  6  7  8  9 |
---------------+----------------------------+-----
Dodging        | 2 3 |  3.7
Fighting       | 2 3 4 5 6 |  6.9
Unarmed Combat | 4 5 6 7 8 9 |  9.5
Shapeshifting  | 4 5 6 |  6.5
Invocations    | 2 |  2.4

Action                     |  1- 3 |  4- 6 |  7- 9 || total
---------------------------+-------+-------+-------++-------
  Melee: Unarmed           |    97 |   123 |   219 ||   439
         Tailslap          |     4 |    14 |    37 ||    55
         Punch             |     1 |     5 |     9 ||    15
  Throw: Dart              |       |     9 |    23 ||    32
Ability: Breathe Lightning |       |       |    21 ||    21
    Use: Potion            |       |     1 |     1 ||     2
         Scroll            |       |       |     9 ||     9
   Stab: Sleeping          |     1 |     1 |     3 ||     5
 Armour: Skin              |    49 |    44 |   136 ||   229
  Dodge: Dodged            |    44 |    91 |   166 ||   301
  Block: Other             |       |       |     7 ||     7
